 Dungeon Crawl Stone Soup version 0.20.1-1-g8b1a95d (webtiles) character file.

31 Zachthehappycat the Skirmisher (level 3, -10/33 HPs)
             Began as a Draconian Berserker on July 3, 2017.
             Was a Follower of Trog.
             Mangled by a gnoll
             ... wielding a +0 flail
              (14 damage)
             ... on level 2 of the Dungeon.
             The game lasted 00:03:53 (1126 turns).

Zachthehappycat the Skirmisher (DrBe)               Turns: 1126, Time: 00:03:54

Health: -10/33     AC:  5    Str: 20    XL:     3   Next: 7%
Magic:  3/3        EV:  7    Int:  7    God:    Trog [*.....]
Gold:   55         SH: 11    Dex: 10    Spells: 2/2 levels left

rFire    . . .     SeeInvis .   a - +0 falchion
rCold    . . .     Gourm    .   g - +0 large shield
rNeg     . . .     Faith    .   (armour unavailable)
rPois    .         Spirit   .   (helmet restricted)
rElec    .         Reflect  .   (no cloak)
rCorr    .         Harm     .   (no gloves)
MR       .....                  (no boots)
Stlth    +.........             (no amulet)
Regen    0.2/turn               (no ring)
MPRegen  0.1/turn               (no ring)

@: no status effects
A: unfitting armour, cold-blooded, AC +5
a: Berserk, Burn Spellbooks, Renounce Religion


You were on level 2 of the Dungeon.
You worshipped Trog.
Trog was aware of your devotion.
You were hungry.

You visited 1 branch of the dungeon, and saw 2 of its levels.

You collected 55 gold pieces.

Inventory:

Hand Weapons
 a - a +0 falchion (weapon)
Missiles
 c - 5 tomahawks (quivered)
Armour
 g - a +0 large shield (worn)
Scrolls
 d - a scroll of magic mapping {unknown}
 j - 2 scrolls of random uselessness {unknown}
 l - a scroll of identify {unknown}
Potions
 e - a potion of mutation {unknown}
 f - a potion of brilliance {unknown}
 i - a potion of haste {unknown}
 k - a potion of heal wounds {unknown}
Comestibles
 b - 2 bread rations
 h - 4 fruits


   Skills:
 + Level 3.7 Fighting
 + Level 3.4 Long Blades
 + Level 2.8 Dodging
 + Level 1.3 Stealth


You had 2 spell levels left.
You didn't know any spells.

Dungeon Overview and Level Annotations

Branches:
Dungeon (2/15)

Altars:


Innate Abilities, Weirdness & Mutations

Your plain brown scales are hard. (AC +5)
You cannot fit into any form of body armour.
You are cold-blooded and may be slowed by cold attacks.


Message History

The gnoll hits you with a club.
You hit the gnoll but do no damage.
The gnoll is heavily wounded.
The gnoll hits you but does no damage.
You hit the gnoll.
The gnoll is heavily wounded.
The gnoll hits you with a club. You block the gnoll's attack.
You closely miss the gnoll.
The gnoll is heavily wounded.
The gnoll closely misses you. You block the gnoll's attack. x2
You closely miss the gnoll.
The gnoll is heavily wounded.
The gnoll hits you with a flail. The gnoll hits you with a club.
The gnoll closely misses you.
You barely miss the gnoll.
The gnoll is heavily wounded.
The gnoll hits you with a flail! The gnoll hits you with a club!
* * * LOW HITPOINT WARNING * * *
You block the gnoll's attack. The gnoll hits you with a flail!
You die...

.. ..g #.# ..g #.# .. .g..
#.# #. ..... #.. # #.
.....##.###########.# #.
.....b..##gg........#######.
.........gg@...# ...... .>..
.....#.######.........###..
##. #.# ##............ #.#
....# #..... #.# #.# ....#
#...รท. #.. #.# ....###..#..
#.. #.# ##.........#..
####..##.# #..........##.
.......#.#######.####.###....


You could see 4 gnolls and a bat.

Vanquished Creatures
  A worm (D:2)
  2 goblins
  6 hobgoblins
  7 jackals
  4 bats
  2 frilled lizards (D:1)
  A kobold (D:1)
  A rat (D:1)
24 creatures vanquished.

Notes
Turn   | Place    | Note
-------+----------+-------------------------------------------
     0 | D:1      | Zachthehappycat the Draconian Berserker began the quest for the Orb.
     0 | D:1      | Reached XP level 1. HP: 19/19 MP: 1/1
   175 | D:1      | Reached XP level 2. HP: 6/26 MP: 2/2
   629 | D:1      | Reached skill level 1 in Stealth
  1074 | D:2      | Reached XP level 3. HP: 33/33 MP: 3/3
  1126 | D:2      | Mangled by a gnoll

Skill      XL: |  1  2 |
---------------+-------+-----
Stealth        | 1 |  1.3
Fighting       | |  3.7
Long Blades    | |  3.4
Dodging        | |  2.8

Action                   || total
-------------------------++-------
Melee: Falchion          ||    84
       Tailslap          ||    14
Invok: Berserk           ||     1
 Stab: Sleeping          ||     1
  Eat: Chunk             ||     1
Armor: Skin              ||    43
Dodge: Dodged            ||    53
Block: Large shield      ||    36
       Rpst.: Falchion   ||    17
